Map: Ruins of Seras

Players

Ricardotron - Winner!

  • Race: Protoss Protoss
  • League: Gold

Grumm

  • Race: Protoss Protoss
  • League: Gold

VOD

Have the link to the VOD?

Description

Time

  • Played on: Jan. 7, 2016, 7:21 p.m.
  • Length: 10:38
Show
View Real Time Build Order
Export as new Build Order

Ricardotron Protoss - Winner!

Build Orders: Oracle Opening 

Get SALT Encoding   

  12  0:01  Probe (Chrono Boost)  
  13  0:13  Pylon  
  13  0:18  Probe (Chrono Boost)  
  14  0:28  Probe (Chrono Boost)  
  14  0:35  Gateway  
  15  0:39  Probe (Chrono Boost)  
  16  0:49  Assimilator  
  16  0:54  Probe (Chrono Boost)  
  17  0:58  Pylon  
  17  1:04  Probe (Chrono Boost)  
  18  1:15  Probe (Chrono Boost)  
  19  1:23  Cybernetics Core  
  19  1:25  Assimilator, Probe (Chrono Boost)  
  20  1:31  Zealot  
  22  1:41  Probe (Chrono Boost)  
  23  1:52  Pylon  
  23  2:01  Stargate  
  23  2:05  Adept  
  25  2:10  Probe (Chrono Boost)  
  26  2:25  Mothership Core (Chrono Boost)  
  28  2:33  Zealot  
  30  2:50  Oracle (Chrono Boost)  
  33  3:05  Warp Gate (Chrono Boost)  
  33  3:07  Adept  
  34  3:16  Nexus  
  31  3:34  Stalker  
  36  4:00  Probe  
  37  4:05  Pylon  
  37  4:09  Pylon  
  37  4:12  Probe  
  37  4:15  Pylon  
  38  4:21  Pylon  
  38  4:24  Probe  
  39  4:26  Pylon  
  39  4:34  Gateway  
  39  4:36  Probe  
  40  4:42  Probe  
  41  4:48  Probe  
  41  4:52  Probe  
  42  4:53  Assimilator  
  42  4:56  Pylon  
  43  5:01  Probe  
  43  5:03  Probe  
  45  5:13  Gateway, Probe  
  46  5:22  Gateway  
  46  5:23  Probe  
  47  5:34  Void Ray  
  51  5:57  Probe  
  48  5:58  Probe  
  50  6:06  Forge  
  50  6:07  Probe  
  50  6:10  Probe  
  52  6:16  Zealot  
  52  6:18  Probe, Stalker x2  
  57  6:26  Assimilator  
  57  6:28  Probe  
  57  6:29  Robotics Facility  
  58  6:38  Twilight Council  
  58  6:39  Probe  
  58  6:41  Probe  
  58  6:44  Pylon  
  55  7:01  Stalker  
  55  7:02  Stalker  
  54  7:14  Stalker  
  54  7:15  Stalker  
  50  7:24  Void Ray  
  50  7:34  Immortal  
  54  7:37  Probe  
  55  7:49  Probe  
  52  8:00  Charge (Chrono Boost)  
  52  8:07  Void Ray  
  52  8:10  Probe  
  57  8:14  Probe  
  58  8:21  Probe  
  58  8:26  Probe  
  60  8:29  Immortal  
  60  8:31  Probe  
  65  8:38  Probe  
  66  8:44  Forge  
  66  8:50  Probe  
  66  8:53  Probe  
  68  9:02  Probe  
  67  9:04  Probe  
  68  9:14  Probe  
  69  9:19  Zealot  
  69  9:20  Stalker, Zealot  
  75  9:31  Probe  
  76  9:39  Void Ray  
  76  9:43  Probe  
  81  9:55  Probe  
  82  10:07  Probe  
  79  10:34  Zealot  
  79  10:35  Stalker, Zealot  
Show
View Real Time Build Order
Export as new Build Order

Grumm Protoss 

Build Orders:  

Get SALT Encoding   

  12  0:01  Probe (Chrono Boost)  
  13  0:11  Probe (Chrono Boost)  
  14  0:20  Pylon  
  14  0:23  Probe (Chrono Boost)  
  15  0:39  Gateway, Probe (Chrono Boost)  
  16  0:46  Assimilator  
  16  0:49  Probe (Chrono Boost)  
  17  1:01  Probe (Chrono Boost)  
  18  1:12  Probe (Chrono Boost)  
  18  1:13  Assimilator  
  19  1:27  Cybernetics Core  
  19  1:29  Pylon  
  19  1:33  Gateway  
  19  1:36  Probe (Chrono Boost)  
  20  1:45  Zealot  
  22  1:52  Probe (Chrono Boost)  
  23  2:03  Forge  
  23  2:10  Probe (Chrono Boost)  
  23  2:11  Warp Gate (Chrono Boost)  
  24  2:26  Probe  
  25  2:31  Stalker  
  25  2:36  Protoss Ground Weapons Level 1  
  27  2:41  Stalker  
  29  2:48  Probe  
  30  2:55  Pylon  
  29  3:29  Nexus  
  20  4:00  Photon Cannon  
  20  4:17  Probe  
  20  4:22  Stalker  
  20  4:23  Pylon  
  23  4:25  Stalker  
  25  4:33  Probe  
  26  4:47  Photon Cannon  
  26  4:52  Sentry  
  28  4:56  Sentry  
  30  5:01  Probe  
  31  5:08  Probe  
  32  5:18  Stalker  
  34  5:30  Probe  
  34  5:32  Adept  
  37  5:41  Pylon  
  37  5:49  Stalker  
  39  5:53  Probe  
  38  6:03  Adept  
  40  6:23  Zealot  
  40  6:24  Zealot  
  40  6:25  Probe  
  37  7:23  Stalker  
  37  7:24  Zealot  
  39  7:37  Probe  
  39  7:39  Probe  
  39  7:43  Gateway  
  37  7:44  Gateway  
  37  7:47  Pylon  
  37  7:48  Probe  
  37  7:50  Stargate  
  37  7:51  Probe  
  39  7:58  Probe, Stalker  
  39  8:01  Sentry  
  42  8:18  Photon Cannon  
  42  8:20  Pylon, Probe  
  42  8:25  Sentry  
  42  8:26  Sentry  
  47  8:35  Probe  
  48  8:42  Probe  
  48  8:45  Stalker  
  48  8:47  Probe  
  28  9:11  Adept  
  29  9:18  Stalker  
  29  9:19  Probe, Stalker x2  
  29  9:20  Probe  
  39  9:29  Void Ray (Chrono Boost)  
  39  9:31  Stalker  
  41  9:40  Zealot  
  41  9:41  Zealot  
  39  9:56  Stalker x2  
  39  9:59  Zealot  
  22  10:23  Probe  
  22  10:24  Stalker x2  
  22  10:25  Stalker  
Tags
 
Add a new tag
Caveats
  • Supply blocks, unpowered buildings, or Contaminate may cause inaccurate times.
  • Supply counts are checked every 10 seconds.